 Dungeon Crawl Stone Soup version 0.23.2-1-ga50397a6bc (webtiles) character file.

Game seed: 4247950226516755669

366 Foic the Cudgeler (level 6, -6/61 HPs)
             Began as a Troll Fighter on May 11, 2019.
             Was a Follower of Trog.
             Killed by nerve-wracking pain
             ... invoked by an orc priest
              (12 damage)
             ... on level 3 of the Dungeon.
             The game lasted 00:15:12 (2986 turns).

Foic the Cudgeler (Troll Fighter)                   Turns: 2986, Time: 00:15:13

Health: -6/61      AC:  7    Str: 27    XL:     6   Next: 40%
Magic:  5/5        EV: 11    Int:  4    God:    Trog [*.....]
Gold:   152        SH:  0    Dex:  9    Spells: 5/5 levels left

rFire    . . .     SeeInvis .   a - +0 flail
rCold    . . .     Gourm    +   (no shield)
rNeg     . . .     Faith    .   b - +0 robe
rPois    .         Spirit   .   (helmet restricted)
rElec    .         Reflect  .   v - +0 cloak
rCorr    .         Harm     .   (gloves unavailable)
MR       .....                  (boots unavailable)
Stlth    +.........             (no amulet)
HPRegen  0.60/turn              (no ring)
MPRegen  0.09/turn              (no ring)

@: glowing
A: large, unfitting armour, claws 3, fast metabolism 3, gourmand, regeneration
1, shaggy fur 1, tough skin 3
a: Berserk, Renounce Religion


You were on level 3 of the Dungeon.
You worshipped Trog.
Trog was aware of your devotion.
You were completely stuffed.

You visited 1 branch of the dungeon, and saw 3 of its levels.

You collected 152 gold pieces.

Inventory:

Hand Weapons
 a - a +0 flail (weapon)
Missiles
 g - 63 stones (quivered)
 m - 18 tomahawks
Armour
 b - a +0 robe (worn)
 c - a +0 shield
 v - a +0 cloak (worn)
Wands
 s - a wand of polymorph (11)
Scrolls
 e - 6 scrolls of identify {unknown}
 h - 2 scrolls of fear {unknown}
 i - 2 scrolls of remove curse {unknown}
 j - a scroll of teleportation {unknown}
 n - a scroll of amnesia {unknown}
 x - a scroll of fog {unknown}
 y - a scroll of blinking {unknown}
Potions
 d - 4 potions of might
 k - a potion of brilliance {unknown}
 l - 2 potions of curing {unknown}
 p - 2 potions of agility {unknown}
 q - 2 potions of heal wounds {unknown}
 r - a potion of lignification {unknown}
 t - a potion of resistance {unknown}
 u - a potion of flight {unknown}
 w - a potion of degeneration {unknown}
Comestibles
 f - 11 rations
 o - a chunk of flesh


   Skills:
 + Level 3.2 Fighting
 + Level 4.4 Maces & Flails
 + Level 3.8 Dodging
 - Level 2.8 Shields


You had 5 spell levels left.
You didn't know any spells.
Your spell library was empty.

Dungeon Overview and Level Annotations

Branches:
Dungeon (3/15)

Altars:
Ashenzari
Kikubaaqudgha
Qazlal
Trog
Beogh


Innate Abilities, Weirdness & Mutations

You are too large for most types of armour.
You have claws for hands.
Your metabolism is lightning-fast.
You like to eat raw meat.
Your natural rate of healing is unusually fast.
You are covered in fur. (AC +1)
You have extremely tough skin. (AC +3)


Message History

* * * LOW HITPOINT WARNING * * *
You thump rumpelstilzz's ghost!
Rumpelstilzz's ghost is almost destroyed.
Rumpelstilzz's ghost hits you.
* * * LOW HITPOINT WARNING * * *
You sock rumpelstilzz's ghost!
You destroy rumpelstilzz's ghost!
Trog accepts your kill.
Trog appreciates your killing of a magic user.
Your Maces & Flails skill increases to level 4!
You have reached level 6!
Your experience leads to an increase in your attributes!
Increase (S)trength, (I)ntelligence, or (D)exterity?
You feel stronger. x2
The orc priest hits you with a +0 hand axe.
* * * LOW HITPOINT WARNING * * *
You hit the orc priest but do no damage.
The orc priest mumbles some strange prayers to Beogh against you.
Pain shoots through your body!
You die...

### #######8#
8.....#.# ..##..#.#
..8#..#.# ..##oo#@#
####### ...o#.#o#
##.[...# [...#ooo##
...###.##_.8.#.oo.#
.#.# #..#....#.'..#
.#.###.##....#.#..#
.#.....# ..##..#..#
..###### ..8#..#..#
..# ..##..#..#


You could see an orc priest and 8 orcs.

Vanquished Creatures
  The ghost of rumpelstilzz the Ducker, an amateur TrAM (D:3)
  An orc priest (D:2)
  An orc wizard (D:3)
  6 adders
  2 oozes
  3 worms
  2 dart slugs
  3 leopard geckos (D:2)
  7 orcs
  A ball python (D:2)
  7 bats
  2 giant cockroaches
  4 goblins
  10 hobgoblins
  8 jackals (D:1)
  A quokka (D:2)
  2 frilled lizards
  9 kobolds
  11 rats
81 creatures vanquished.

Vanquished Creatures (others)
  2 fungi (D:3)
2 creatures vanquished.

Grand Total: 83 creatures vanquished

Notes
Turn   | Place    | Note
-------+----------+-------------------------------------------
     0 | D:1      | Foic the Troll Fighter began the quest for the Orb.
     0 | D:1      | Reached XP level 1. HP: 22/22 MP: 0/0
   149 | D:1      | Reached XP level 2. HP: 29/29 MP: 1/1
   203 | D:1      | Reached skill level 2 in Maces & Flails
   513 | D:1      | Reached XP level 3. HP: 36/36 MP: 2/2
   756 | D:2      | Found a bloodstained altar of Trog.
   761 | D:2      | Became a worshipper of Trog the Wrathful
   791 | D:2      | Found a stormy altar of Qazlal.
   862 | D:2      | HP: 1/36 [worm (6)]
  1002 | D:2      | Reached XP level 4. HP: 35/44 MP: 3/3
  1373 | D:2      | Reached skill level 3 in Maces & Flails
  2152 | D:3      | Reached * piety under Trog
  2260 | D:3      | Found a shattered altar of Ashenzari.
  2265 | D:3      | Saw a vision of the Swamp and the Spider Nest.
  2265 | D:3      | Noticed a swamp drake
  2265 | D:3      | Noticed a swamp drake
  2265 | D:3      | Noticed a hornet
  2265 | D:3      | Noticed a wolf spider
  2265 | D:3      | Noticed a redback
  2266 | D:3      | Noticed an alligator
  2379 | D:2      | Reached XP level 5. HP: 52/52 MP: 4/4
  2589 | D:3      | Found a runed translucent gate.
  2589 | D:3      | Noticed rumpelstilzz's ghost (amateur TrAM)
  2589 | D:3      | Identified the +8 spear of Qiyr {venom, MR+}
  2589 | D:3      | Identified the cursed +1 chain mail of Virtue {*Contam
                  | Dex+7 Stlth+}
  2608 | D:3      | Found a runed translucent gate.
  2609 | D:3      | Found a runed translucent gate.
  2615 | D:3      | Found a roughly hewn altar of Beogh.
  2725 | D:3      | Found an ancient bone altar of Kikubaaqudgha.
  2985 | D:3      | Killed rumpelstilzz's ghost
  2985 | D:3      | Reached skill level 4 in Maces & Flails
  2985 | D:3      | Reached XP level 6. HP: 6/61 MP: 5/5
  2986 | D:3      | Killed from afar by an orc priest

Skill      XL: |  1  2  3  4  5 |
---------------+----------------+-----
Maces & Flails | 2 3 4 |  4.4
Dodging        | 3 |  3.8
Fighting       | 3 |  3.2
Shields        | |  2.8

Action                   |  1- 3 |  4- 6 || total
-------------------------+-------+-------++-------
Melee: Flail             |   144 |   214 ||   358
 Stab: Sleeping          |       |     1 ||     1
  Eat: Chunk             |    14 |    20 ||    34
Armor: Robe              |    52 |   140 ||   192
Dodge: Dodged            |    55 |   155 ||   210
Block: Shield            |    64 |       ||    64
